 Dungeon Crawl Stone Soup version 0.27-a0-906-g0a00ce863d (webtiles) character file.

Game seed: 10055609905420909319

17317 lunkers the Thaumaturge (level 12, -13/94 HPs)
             Began as a Djinni Earth Elementalist on Apr 6, 2021.
             Was an Elder of Makhleb.
             Mangled by a boulder beetle (40 damage)
             ... on level 9 of the Dungeon.
             The game lasted 00:20:25 (13938 turns).

lunkers the Thaumaturge (DjEE)                     Turns: 13938, Time: 00:20:26

Health: -13/94     AC:  8    Str: 10    XL:     12   Next: 46%
Gold:   727        EV: 16    Int: 25    God:    Makhleb [****..] SH:  6 Dex: 17

rFire    + + .     SeeInvis .   a - +9 mace "Hidof" {drain, +Rage rN+}
rCold    . . .     Faith    .   g - +1 buckler of Atheism {rPois rC+}
rNeg     + + .     Spirit   .   c - +0 robe
rPois    ∞         Reflect  .   l - +1 helmet
rElec    .         Harm     .   B - +2 ratskin cloak {*Rats rPois rN+ Str-1 Int-1 Dex+1}
rCorr    .         Rampage  .   M - +0 pair of gloves
Will     +....                  (boots unavailable)
Stlth    ++........             n - amulet of the Dancing Fool {Regen+ Str+4}
HPRegen  1.25/turn              v - +4 ring of evasion
MPRegen  0.00/turn              z - +6 ring of intelligence

@: flying, studying Bows
A: fire resistance 2, cold vulnerability 1, float, innate caster, hp casting,
extra vitality 1
a: Renounce Religion, Evoke Berserk Rage, Minor Destruction, Lesser Servant of
Makhleb, Major Destruction


You were on level 9 of the Dungeon.
You worshipped Makhleb.
Makhleb was greatly pleased with you.
You visited 2 branches of the dungeon, and saw 11 of its levels.

You collected 727 gold pieces.

Inventory:

Hand Weapons
 a - the +9 mace "Hidof" (weapon) {drain, +Rage rN+}
   (You found it on level 5 of the Dungeon)

   A truly terrible weapon, it drains the life of those it strikes.
   It protects you from negative energy.
   It lets you go berserk.
 s - a +1 dagger of venom
Missiles
 b - 131 stones
 A - 11 curare-tipped darts
 E - 3 throwing nets
Armour
 c - a +0 robe (worn)
 g - the +1 buckler of Atheism (worn) {rPois rC+}
   (You took it off a gnoll sergeant on level 7 of the Dungeon)

   It protects you from cold.
   It protects you from poison.
 l - a +1 helmet (worn)
 B - the +2 ratskin cloak (worn) {*Rats rPois rN+ Str-1 Int-1 Dex+1}
   (You found it on level 7 of the Dungeon)

   It affects your strength (-1).
   It affects your intelligence (-1).
   It affects your dexterity (+1).
   It protects you from poison.
   It protects you from negative energy.
 M - a +0 pair of gloves (worn)
Magical Staves
 C - a staff of fire
Jewellery
 n - the amulet of the Dancing Fool (around neck) {Regen+ Str+4}
   (You found it on level 7 of the Dungeon)

   [amulet of regeneration]

   It affects your strength (+4).
   It increases your rate of health regeneration.
 v - a +4 ring of evasion (left hand)
 z - a +6 ring of intelligence (right hand)
Wands
 t - a wand of flame (37)
 u - a wand of polymorph (9)
 D - a wand of random effects (16)
 F - a wand of acid (8)
 H - a wand of digging (4)
 I - a wand of paralysis (5)
Scrolls
 d - a scroll of enchant weapon
 e - 4 scrolls of enchant armour {unknown}
 h - 2 scrolls of fog {unknown}
 m - 3 scrolls of blinking {unknown}
 o - a scroll of immolation {unknown}
 r - 6 scrolls of teleportation {unknown}
 w - a scroll of noise {unknown}
 x - 2 scrolls of summoning {unknown}
 y - a scroll of vulnerability
 K - a scroll of amnesia {unknown}
 L - 4 scrolls of identify
Potions
 f - 2 potions of ambrosia
 i - a potion of resistance
 j - 2 potions of lignification
 k - 5 potions of curing
 p - 3 potions of haste
 q - 2 potions of attraction
 G - a potion of brilliance {unknown}
 J - a potion of heal wounds
 N - a potion of might {unknown}


   Skills:
 + Level 11.2 Fighting
 - Level 2.1 Dodging
 - Level 1.5 Stealth
 - Level 4.0 Shields
 * Level 13.4 Spellcasting


You had 9 spell levels left.
You knew the following spells:

 Your Spells              Type           Power      Damage    Failure   Level
a - Stone Arrow           Conj/Erth      100%       3d13      1%          3
b - Passwall              Tmut/Erth      59%        N/A       1%          2
c - Sandblast             Erth           100%       2d20      0%          1
d - Petrify               Tmut/Erth      71%        N/A       1%          4
e - Lee's Rapid Deconstr  Erth           35%        3d19*     1%          5
f - Corona                Hex            78%        N/A       0%          1
g - Poisonous Vapours     Pois/Air       100%       N/A       1%          2
h - Corpse Rot            Necr/Air       N/A        N/A       1%          2
i - Teleport Other        Tloc           71%        N/A       1%          3
j - Fireball              Conj/Fire      35%        3d15      1%          5
Your spell library was empty.

Dungeon Overview and Level Annotations

Branches:
Dungeon (10/15)            Temple (1/1) D:5            Lair (0/6) D:10
    Orc (0/2) D:10

Altars:
Ashenzari
Cheibriados
Dithmenos
Elyvilon
Fedhas
Gozag
Hepliaklqana
Kikubaaqudgha
Makhleb
Nemelex Xobeh
Okawaru
Qazlal
Ru
Sif Muna
Trog
Uskayaw
Vehumet
Wu Jian
Xom
Yredelemnul
Zin
The Shining One

Shops:
D:1 :   D:5 =


Innate Abilities, Weirdness & Mutations

You are immune to poison.
Your flesh is very heat resistant. (rF++)
You are vulnerable to cold. (rC-)
You float through the air rather than walking.
You learn spells naturally, not from books.
Your magical power is your life essence.
You have superior vitality. (+4 HP)


Message History

Press: ? - help, Shift-Dir - straight line, f - freezing wraith
Aim: a freezing wraith (22% to evade)
The stone arrow hits the freezing wraith but does no damage.
* * * LOW HITPOINT WARNING * * *
Unknown command.
Casting: Stone Arrow (safe; 1% risk of failure)
Confirm with . or Enter, or press ? or * to list all spells.
Aiming: Stone Arrow (safe; 1% risk of failure)
Press: ? - help, Shift-Dir - straight line, f/p - freezing wraith
Aim: a freezing wraith (22% to evade)
The stone arrow hits the freezing wraith!!
The freezing wraith is heavily damaged.
* * * LOW HITPOINT WARNING * * *
The freezing wraith misses you. x2
Unknown command.
Unknown command.
Okay, then.
The boulder beetle curls into a ball and begins rolling!
The boulder beetle hits you.
* * * LOW HITPOINT WARNING * * *
The boulder beetle stops rolling and uncurls.
The freezing wraith hits you!
* * * LOW HITPOINT WARNING * * *
The freezing wraith freezes you!
* * * LOW HITPOINT WARNING * * *
A hell rat scurries out from under your cloak.
The freezing wraith hits you.
* * * LOW HITPOINT WARNING * * *
There is an open door here.
The freezing wraith misses something. x2
Press: ? - help, v - describe, . - travel
Here: a boulder beetle An open door.
Unknown command.
Press: ? - help, v - describe, . - travel
Here: a freezing wraith (moderately damaged)
The floor.
The boulder beetle curls into a ball and begins rolling!
The boulder beetle hits you!!!
You die...

. #P..Z#........<...
#...P#.#.###..#..#
#Pr.Z#............
####'#.......>#..#
#..r.#............
#.○..#.#.######...
#○W..#.#......#...
#B...#.#.####.#...
######@...#.#.####.#...
#....'....#...<..#.#...
#.⌠..#....#.#.####.#...
#
#..).#....#.#.####.....
#
#))..#....#.#..........
#
#)#########............
#)...# #.#.####.#.#.
#....# #..........#.
#....# #.#.####.#.#.


You could see a boulder beetle (rolling), a freezing wraith (ally target), a
howler monkey zombie and a friendly hell rat.

Vanquished Creatures
  Snorg (D:10)
  Harold (D:10)
  A centaur warrior (D:9)
  2 two-headed ogres
  Sonja (D:10)
  5 death yaks (D:10)
  The ghost of rageheart7 the Fighter, a novice VSAK of Lugonu (D:7)
  Pikel (D:6)
  A manticore (D:9)
  A kobold demonologist (D:10)
  A gargoyle (D:9)
  A hornet (D:9)
  5 wraiths (D:8)
  A shadow (D:10)
  A vampire (D:5)
  12 yaks
  A steam dragon (D:8)
  Edmund (D:6)
  2 water moccasins
  A swamp drake (D:10)
  2 sky beasts
  5 orc warriors
  2 necrophages
  2 black bears
  2 ogres
  2 ice beasts
  7 centaurs
  A lemure (D:5)
  Blork the orc (D:5)
  7 kobold brigands
  A bullfrog (D:8)
  3 gnoll sergeants (D:7)
  2 scorpions
  A water moccasin zombie (D:6)
  A wyvern skeleton (D:6)
  4 killer bees (D:9)
  3 wights (D:9)
  4 howler monkeys (D:8)
  A quasit (D:8)
  3 jellies
  3 centaur zombies
  A gnoll shaman (D:7)
  2 hounds
  A bullfrog skeleton (D:4)
  3 orc priests
  2 centaur skeletons
  Ijyb (D:4)
  A scorpion zombie (D:4)
  Natasha (twice) (D:3)
  11 orc wizards
  3 hell rats (D:7)
  2 killer bee zombies
  A hound skeleton (D:4)
  Robin (D:3)
  12 gnolls
  6 adders
  4 river rats (D:7)
  2 white imps
  An ufetubus (D:5)
  2 worms
  3 dart slugs
  37 orcs
  3 bats
  6 endoplasms
  6 giant cockroaches
  13 goblins
  5 hobgoblins
  An iguana (D:5)
  5 jackals
  4 quokkas
  13 ball pythons
  4 frilled lizards
  A goblin zombie (D:8)
  8 hobgoblin zombies (D:8)
  18 kobolds
  A kobold skeleton (D:8)
  An orc zombie (D:8)
  21 rats
306 creatures vanquished.

Vanquished Creatures (collateral kills)
  An orc warrior (D:9)
  An orc wizard (D:9)
2 creatures vanquished.

Vanquished Creatures (others)
  An orc wizard (D:9)
  5 fungi (D:3)
  6 plants (D:7)
12 creatures vanquished.

Grand Total: 320 creatures vanquished

Notes
Turn   | Place    | Note
-------+----------+-------------------------------------------
     0 | D:1      | lunkers the Djinni Earth Elementalist began the quest for
                  | the Orb.
     0 | D:1      | Reached XP level 1. HP: 15/15 MP: 0/0
    65 | D:1      | Reached skill level 3 in Spellcasting
    65 | D:1      | Reached XP level 2. HP: 6/22 MP: 0/0
   463 | D:1      | Reached skill level 1 in Fighting
   603 | D:1      | Found a faded altar of an unknown god.
   787 | D:1      | Reached XP level 3. HP: 23/27 MP: 0/0
   787 | D:1      | Learned a level 1 spell: Corona
  1021 | D:1      | Found Lyffeg's Book Boutique.
  1524 | D:2      | Found a basalt altar of Yredelemnul.
  1868 | D:2      | Reached XP level 4. HP: 29/33 MP: 0/0
  2698 | D:3      | Reached skill level 4 in Spellcasting
  2700 | D:3      | Reached XP level 5. HP: 15/38 MP: 0/0
  2700 | D:3      | Learned a level 2 spell: Poisonous Vapours
  3191 | D:3      | Found a shadowy altar of Dithmenos.
  3418 | D:3      | Found an iron altar of Okawaru.
  3904 | D:3      | Noticed Robin
  4274 | D:3      | Killed Robin
  4549 | D:3      | Noticed Natasha
  4553 | D:3      | Killed Natasha
  4554 | D:3      | Reached XP level 6. HP: 36/46 MP: 0/0
  4820 | D:3      | Noticed Natasha
  4824 | D:3      | Killed Natasha
  4825 | D:3      | Reached skill level 5 in Spellcasting
  5457 | D:4      | Noticed a water moccasin
  5463 | D:4      | Killed a water moccasin
  5672 | D:4      | Noticed Ijyb
  5677 | D:4      | Killed Ijyb
  5738 | D:4      | Reached XP level 7. HP: 45/51 MP: 0/0
  5738 | D:4      | Learned a level 2 spell: Corpse Rot
  6114 | D:4      | Reached skill level 6 in Spellcasting
  6429 | D:4      | Found a sparkling altar of Nemelex Xobeh.
  6755 | D:5      | Entered Level 5 of the Dungeon
  7082 | D:5      | Noticed a vampire
  7086 | D:5      | Killed a vampire
  7087 | D:5      | Reached XP level 8. HP: 46/58 MP: 0/0
  7158 | D:5      | Found Pivodo's Jewellery Boutique.
  7370 | D:5      | Found a glowing silver altar of Zin.
  7370 | D:5      | Found a blossoming altar of Fedhas.
  7482 | D:6      | Reached skill level 5 in Fighting
  7617 | D:6      | Reached skill level 7 in Spellcasting
  7862 | D:5      | Noticed Pikel
  7872 | D:5      | Found a staircase to the Ecumenical Temple.
  7885 | D:6      | Killed Pikel
  7886 | D:6      | Reached skill level 8 in Spellcasting
  8056 | Temple   | Entered the Ecumenical Temple
  8109 | Temple   | Became a worshipper of Makhleb the Destroyer
  8174 | D:5      | Found a shimmering altar of Xom.
  8351 | D:5      | Noticed Blork the orc
  8358 | D:5      | Killed Blork the orc
  8359 | D:5      | Reached XP level 9. HP: 50/66 MP: 0/0
  8359 | D:5      | Learned a level 3 spell: Teleport Other
  9072 | D:6      | Found a hazy altar of Hepliaklqana.
  9527 | D:6      | Reached skill level 9 in Spellcasting
  9762 | D:6      | Noticed Edmund
  9766 | D:6      | Killed Edmund
  9907 | D:6      | Found a snail-covered altar of Cheibriados.
 10138 | D:7      | Identified the +1 buckler of Atheism {rPois rC+}
 10155 | D:7      | Noticed rageheart7's ghost (novice VSAK)
 10162 | D:7      | Found a transporter.
 10189 | D:7      | Found a transporter.
 10256 | D:7      | Found a bloodstained altar of Trog.
 10520 | D:7      | Found a white marble altar of Elyvilon.
 10715 | D:7      | Reached * piety under Makhleb
 10877 | D:7      | Reached XP level 10. HP: 33/76 MP: 0/0
 11075 | D:7      | Found the +2 ratskin cloak {*Rats rPois rN+ Str-1 Int-1
                  | Dex+1}
 11448 | D:7      | Reached skill level 10 in Spellcasting
 11449 | D:7      | Killed rageheart7's ghost
 11474 | D:7      | Reached ** piety under Makhleb
 11492 | D:7      | Identified the amulet of the Dancing Fool {Regen+ Str+4}
 11831 | D:5      | Identified the +9 mace "Hidof" {drain, +Rage rN+}
 12010 | D:8      | Reached skill level 1 in Shields
 12011 | D:8      | Noticed a two-headed ogre
 12014 | D:8      | Killed a two-headed ogre
 12082 | D:8      | Found the +5 scythe "Finisher" {speed, eviscerate}
 12184 | D:8      | Reached skill level 11 in Spellcasting
 12218 | D:8      | Found a glowing golden altar of the Shining One.
 12280 | D:8      | Reached XP level 11. HP: 82/84 MP: 0/0
 12280 | D:8      | Learned a level 5 spell: Fireball
 12686 | D:9      | Reached *** piety under Makhleb
 12746 | D:9      | Found a basalt altar of Yredelemnul.
 12988 | D:10     | Entered Level 10 of the Dungeon
 12989 | D:10     | Noticed Snorg
 12990 | D:10     | Noticed a death yak
 13191 | D:10     | Killed Snorg
 13258 | D:10     | Noticed a death yak
 13258 | D:10     | Noticed a death yak
 13258 | D:10     | Noticed a death yak
 13259 | D:10     | Noticed a death yak
 13292 | D:10     | Killed a death yak
 13293 | D:10     | Reached skill level 10 in Fighting
 13293 | D:10     | Reached skill level 12 in Spellcasting
 13295 | D:10     | Killed a death yak
 13325 | D:10     | Killed a death yak
 13325 | D:10     | Killed a death yak
 13331 | D:10     | Killed a death yak
 13334 | D:10     | Noticed Harold
 13345 | D:10     | Killed Harold
 13346 | D:10     | Reached XP level 12. HP: 93/93 MP: 0/0
 13456 | D:10     | Found a staircase to the Lair.
 13506 | D:10     | Reached **** piety under Makhleb
 13520 | D:10     | Reached skill level 13 in Spellcasting
 13568 | D:10     | Noticed a two-headed ogre
 13569 | D:10     | Noticed Sonja
 13572 | D:10     | Killed a two-headed ogre
 13576 | D:10     | Killed Sonja
 13714 | D:10     | Found a staircase to the Orcish Mines.
 13914 | D:9      | Noticed a centaur warrior
 13924 | D:9      | Killed a centaur warrior
 13924 | D:9      | Noticed a boulder beetle
 13938 | D:9      | Mangled by a boulder beetle

Illustrated notes

Levels and vault maps discovered:
D:1:      dpeg_arrival_rooms_b, layout_loops_ring, serial_shops,
          nicolae_shop_behind_doors, basic_ecumenical_altar
D:2:      layout_loops_ring, basic_altar
D:3:      layout_basic, nicolae_overflow_crystal_walls,
          okawaru_metal_pillars_1_2, minmay_shallow_snake_nest, uniq_natasha,
          uniq_robin
D:4:      layout_layer_cave, nemelex_dance_club_becter,
          lightli_ossuary_entry_decrepit_ruins, uniq_ijyb
D:5:      wad_lake_hut, layout_gridville, gammafunk_temple_overflow_wave,
          dk_xom_monty_hall, minmay_temple_entry_stoned_glass, serial_shops,
          shop_fountains, kennysheep_minor_cross, uniq_pikel, uniq_blork_the_orc
D:6:      nicolae_whirlpool, layout_basic, lemuel_round_altar,
          lemuel_coloured_pillars_altar, minmay_hedge_maze, uniq_edmund
D:7:      wander_guarded_unrand_ratskin, layout_cave_pools, elyvilon_altar_5,
          lemuel_tele_altar, gammafunk_ghost_gnarly_gnolls
D:8:      layout_cave_pools, nicolae_tso_besieged_by_evil,
          minmay_guarded_unrand_finisher
D:9:      minmay_klotski, layout_basic, nicolae_overflow_hidden_temple
D:10:     layout_cave_pools, dpeg_lair_monsters, erik_orc_1, uniq_sonja,
          uniq_snorg, uniq_harold
Temple:   eino_wide_crystal_templ

Skill      XL: |  1  2  3  4  5  6  7  8  9 10 11 12 |
---------------+-------------------------------------+-----
Spellcasting   | 3 4 5 6 8 9 11 12 13 | 13.4
Fighting       | 1 2 3 4 6 7 9 10 11 | 11.2
Shields        | 3 4 |  4.0
Dodging        | |  2.1
Stealth        | |  1.5

Action                   |  1- 3 |  4- 6 |  7- 9 | 10-12 || total
-------------------------+-------+-------+-------+-------++-------
Melee: Mace              |       |       |       |     7 ||     7
 Cast: Sandblast         |    55 |       |       |       ||    55
       Stone Arrow       |     2 |    82 |   136 |   213 ||   433
       Lee's Rapid Decon |       |       |       |    12 ||    12
       Passwall          |       |       |       |     1 ||     1
  Use: Scroll            |       |       |       |     9 ||     9
Armor: Robe              |     5 |     6 |     6 |    19 ||    36
Dodge: Dodged            |    15 |    10 |    19 |    70 ||   114
Block: Buckler           |       |       |       |    28 ||    28

Table legend: (Time is in decaauts)
 A = Elapsed time spent in this place.
 B = Non-inter-level travel time spent in this place.
 C = Inter-level travel time spent in this place.
 D = Time resting spent in this place.
 E = Time spent auto-exploring this place.
 F = Levels seen in this place.
 G = Mean time per level.
                   A        B        C        D        E       F      G
               +--------+--------+--------+--------+--------+-----+--------+
         Total |  13951 |  13148 |    803 |   1092 |  10519 |  11 | 1268.3 |
       Dungeon |  13872 |  13096 |    776 |   1092 |  10469 |  10 | 1387.2 |
        Temple |     78 |     51 |     27 |      0 |     50 |   1 |   78.0 |
               +--------+--------+--------+--------+--------+-----+--------+

Top non-repeatable levels by time:
     D:6: 2006 daAuts
     D:3: 1886 daAuts
     D:2: 1859 daAuts
     D:7: 1745 daAuts
     D:4: 1522 daAuts
     D:1: 1488 daAuts
     D:5: 1334 daAuts
    D:10: 778 daAuts
     D:9: 705 daAuts
     D:8: 545 daAuts
  Temple: 78 daAuts
